 Dungeon Crawl Stone Soup version 0.25-a0-1119-g28b6fd0c3b (webtiles) character file.

Game seed: 178853607248666512, levelgen mode: deterministic

46 tilp the Skirmisher (level 3, 0/24 HPs)
             Began as a Kobold Arcane Marksman on May 18, 2020.
             Slain by a gnoll
             ... wielding a cursed -3 club
              (6 damage)
             ... on level 1 of the Dungeon.
             The game lasted 00:03:07 (1688 turns).

tilp the Skirmisher (Kobold Arcane Marksman)        Turns: 1688, Time: 00:03:07

Health: 0/24       AC:  5    Str:  8    XL:     3   Next: 95%
Magic:  4/4        EV: 13    Int: 14    God:
Gold:   35         SH:  0    Dex: 15    Spells: 1/4 levels left

rFire    . . .     SeeInvis .   a - +0 hand crossbow
rCold    . . .     Gourm    .   (shield restricted)
rNeg     . . .     Faith    .   k - +0 ring mail
rPois    .         Spirit   .   (no helmet)
rElec    .         Reflect  .   (no cloak)
rCorr    .         Harm     .   (no gloves)
MR       .....                  (no boots)
Stlth    +.........             (no amulet)
HPRegen  0.08/turn              (no ring)
MPRegen  0.09/turn              (no ring)

@: no status effects
A: small, carnivore
a: no special abilities


You were on level 1 of the Dungeon.
You were completely stuffed.

You visited 1 branch of the dungeon, and saw 2 of its levels.

You collected 35 gold pieces.

Inventory:

Hand Weapons
 a - a +0 hand crossbow (weapon)
 b - a +0 dagger
Missiles
 d - 15 bolts (quivered)
Armour
 k - a +0 ring mail (worn)
Scrolls
 e - a scroll of teleportation {unknown}
 f - a scroll of fog {unknown}
 g - 2 scrolls of remove curse {unknown}
 h - a scroll of identify {unknown}
Potions
 i - a potion of curing {unknown}
Comestibles
 c - 2 rations
 j - 6 chunks of flesh


   Skills:
 + Level 3.8 Fighting
 - Level 2.4 Crossbows
 - Level 2.4 Dodging
 - Level 1.1 Spellcasting
 - Level 3.0 Hexes


You had one spell level left.
You knew the following spells:

 Your Spells              Type           Power        Failure   Level  Hunger
a - Corona                Hex            #......      24%         1    ##.....
b - Slow                  Hex            #.......     34%         2    ###....

Your spell library contained the following spells:

 Spells                   Type           Power        Failure   Level  Hunger
 Inner Flame              Hex/Fire       #.......     78%         3    ####...
 Portal Projectile        Hex/Tloc       #.....       78%         3    ####...
 Cause Fear               Hex            #.........   93%         4    #####..
 Leda's Liquefaction      Hex/Erth       #.........   99%         4    #####..


Dungeon Overview and Level Annotations

Branches:
Dungeon (2/15)

Altars:
Nemelex Xobeh


Innate Abilities, Weirdness & Mutations

You are small and have problems with some larger weapons.
You are carnivorous and can eat meat at any time.


Message History

There is a stone staircase leading up here.
The gnoll misses you.
The gnoll hits you from afar with a +0 spear!
* * * LOW HITPOINT WARNING * * *
You climb upwards.
There is a stone staircase leading down here.
Firing (i - inventory)
d - 17 bolts (quivered)
Press: ? - help, Shift-Dir - straight line, f - gnoll
Aim: a gnoll, wielding a -3 club You shoot a bolt.
The bolt hits the gnoll but does no damage.
The gnoll barely misses you.
Firing (i - inventory)
d - 16 bolts (quivered)
Press: ? - help, Shift-Dir - straight line, f/p - gnoll
Aim: a gnoll, wielding a -3 club You shoot a bolt.
The bolt barely misses the gnoll.
The gnoll hits you with a cursed -3 club.
* * * LOW HITPOINT WARNING * * *
The gnoll hits you with a cursed -3 club.
You die...

##..###..## #.#
...#####..## #.#
..###.#'#..# #.#
.###._.###.# #.#
..###.#+#..# #.#
...#####..## #.#
....###..## #.#
###..#..## #.#
.[.....## #@#
#####.##
#######g# #...#
#......(#
###...###.#######
##.......#.#
........[#.#
##.......#.#
###....##.#
#....##.#


You could see a gnoll.

Vanquished Creatures
  An ooze (D:1)
  A worm (D:2)
  A dart slug (D:1)
  A ball python (D:1)
  3 bats (D:1)
  3 giant cockroaches
  6 goblins (D:1)
  9 hobgoblins
  2 frilled lizards
  3 kobolds (D:1)
  4 rats (D:1)
34 creatures vanquished.

Notes
Turn   | Place    | Note
-------+----------+-------------------------------------------
     0 | D:1      | tilp the Kobold Arcane Marksman began the quest for the
                  | Orb.
     0 | D:1      | Reached XP level 1. HP: 12/12 MP: 2/2
   152 | D:1      | Reached XP level 2. HP: 17/17 MP: 3/3
   168 | D:1      | Learned a level 2 spell: Slow
   556 | D:1      | Reached XP level 3. HP: 17/23 MP: 4/4
  1406 | D:1      | Found a sparkling altar of Nemelex Xobeh.
  1688 | D:1      | Slain by a gnoll

Illustrated notes

Levels and vault maps discovered:
D:1:      scummos_arrival_gate, layout_loops_ring, nemelex_diamond_rough_becter
D:2:      layout_loops_ring, serial_co_window_serial,
          co_window_of_opportunity_a, co_window_paths_a,
          co_window_of_opportunity_a, co_window_paths_b, co_window_corner_a,
          co_window_broadway_b, co_window_unsneaky_path_c, co_window_corner_b,
          co_window_paths_c, co_window_sun, co_window_paths_d, glass_columns_b,
          glass_columns_c

Skill      XL: |  1  2 |
---------------+-------+-----
Fighting       | 2 3 |  3.8
Crossbows      | |  2.4
Dodging        | |  2.4
Spellcasting   | |  1.1
Hexes          | |  3.0

Action                   || total
-------------------------++-------
Melee: Dagger            ||   177
 Fire: Hand crossbow     ||    24
 Cast: Corona            ||     6
  Eat: Chunk             ||    11
Armor: Robe              ||     5
       Ring mail         ||    38
Dodge: Dodged            ||   109

Table legend:
 A = Non-vault XP
 B = Vault XP
 C = Vault XP percentage of total XP
 D = Non-vault monster count
 E = Vault monster count
 F = Vault count percentage of total count
                 A         B        C        D         E       F
            +---------+---------+-------+---------+---------+-------
      Total |      67 |       0 |   0.0 |      34 |       0 |   0.0
            +---------+---------+-------+---------+---------+-------
        D:1 |      57 |       0 |   0.0 |      30 |       0 |   0.0
        D:2 |      10 |       0 |   0.0 |       4 |       0 |   0.0
            +---------+---------+-------+---------+---------+-------
